[Event "Deutsche Schachbundesliga 2010/11"]
[Site "Germany"]
[Date "2010.12.11"]
[Round "5"]
[White "Babula, Vlastimil"]
[Black "Deglmann, Ludwig"]
[Result "1-0"]
[ECO "A87"]
[WhiteElo "2515"]
[BlackElo "2397"]
[PlyCount "69"]
[EventDate "2010.??.??"]
[WhiteTeam "Bremen"]
[BlackTeam "München"]
[TimeControl "40/6000+30:20/3000+30:900+30"]

1. d4 f5 2. c4 Nf6 3. Nc3 d6 4. Nf3 g6 5. g3 Bg7 6. Bg2 O-O 7. O-O Qe8 8. d5
Na6 9. Rb1 Nc5 10. b4 Nce4 11. Nb5 Qd8 12. Qc2 c6 13. dxc6 bxc6 14. Nbd4 Qe8
15. b5 cxb5 16. Nxb5 Qd7 17. c5 dxc5 18. Rd1 Nd5 19. Ng5 Rb8 20. Nxe4 fxe4 21.
Qxc5 e6 22. Bf4 Rb6 23. Bxe4 Bb7 24. a4 Rc8 25. Qa3 a6 26. Be3 Bf8 27. Qa1 Bg7
28. Qa2 axb5 29. Bxb6 bxa4 30. Bd4 Bxd4 31. Rxd4 Qg7 32. Rxa4 Bc6 33. Rc4 Ra8
34. Qc2 Bd7 35. Rb7 1-0

[Event "Deutsche Schachbundesliga 2010/11"]
[Site "Germany"]
[Date "2010.12.11"]
[Round "5"]
[White "Bromberger, Stefan"]
[Black "Areshchenko, Alexander"]
[Result "0-1"]
[ECO "B96"]
[WhiteElo "2530"]
[BlackElo "2664"]
[PlyCount "56"]
[EventDate "2010.??.??"]
[WhiteTeam "München"]
[BlackTeam "Bremen"]
[TimeControl "40/6000+30:20/3000+30:900+30"]

1. e4 c5 2. Nf3 d6 3. d4 cxd4 4. Nxd4 Nf6 5. Nc3 a6 6. Bg5 e6 7. f4 h6 8. Bh4
Qb6 9. Qd2 Qxb2 10. Rb1 Qa3 11. e5 dxe5 12. fxe5 g5 13. exf6 gxh4 14. Be2 Qa5
15. O-O Nd7 16. Kh1 Qg5 17. Rf4 e5 18. Nd5 exd4 19. Nc7+ Kd8 20. Nxa8 d3 21.
Bxd3 Bd6 22. Rbf1 Bxf4 23. Rxf4 h3 24. gxh3 Qd5+ 25. Qg2 Qd6 26. Qf2 Re8 27.
Qd4 Re6 28. c4 b5 0-1

[Event "Deutsche Schachbundesliga 2010/11"]
[Site "Germany"]
[Date "2010.12.11"]
[Round "5"]
[White "Fressinet, Laurent"]
[Black "Bezold, Michael"]
[Result "1-0"]
[ECO "A46"]
[WhiteElo "2718"]
[BlackElo "2525"]
[PlyCount "83"]
[EventDate "2010.??.??"]
[WhiteTeam "Bremen"]
[BlackTeam "München"]
[TimeControl "40/6000+30:20/3000+30:900+30"]

1. d4 e6 2. Nf3 c5 3. g3 Nf6 4. Bg2 a6 5. O-O cxd4 6. Nxd4 Qc7 7. Nd2 Nc6 8.
Nxc6 bxc6 9. e4 Be7 10. Nc4 d5 11. Bf4 Qd8 12. exd5 cxd5 13. Ne3 Bc5 14. c4 O-O
15. Rc1 a5 16. cxd5 Bxe3 17. Bxe3 Nxd5 18. Bd4 f6 19. Re1 Re8 20. Qh5 Bb7 21.
Be4 f5 22. Bg2 Qd7 23. Qg5 h6 24. Qg6 Qf7 25. Qxf7+ Kxf7 26. Rc5 Rec8 27. Rec1
Rxc5 28. Rxc5 g5 29. a4 Ke7 30. Be5 Kd7 31. Bf1 Bc6 32. b3 h5 33. Be2 g4 34.
Kf1 Ra7 35. Bc4 Nb4 36. Bc3 Bd5 37. Bxb4 axb4 38. Bxd5 Kd6 39. Rb5 exd5 40.
Rxb4 Re7 41. a5 Re4 42. a6 1-0

[Event "Deutsche Schachbundesliga 2010/11"]
[Site "Germany"]
[Date "2010.12.11"]
[Round "5"]
[White "Hracek, Zbynek"]
[Black "Belezky, Alexander"]
[Result "1-0"]
[ECO "A20"]
[WhiteElo "2633"]
[BlackElo "2454"]
[PlyCount "37"]
[EventDate "2010.??.??"]
[WhiteTeam "Bremen"]
[BlackTeam "München"]
[TimeControl "40/6000+30:20/3000+30:900+30"]

1. c4 e5 2. g3 Nf6 3. Bg2 c6 4. d4 e4 5. d5 Bb4+ 6. Bd2 e3 7. Bxb4 exf2+ 8. Kd2
Qb6 9. Bc3 Ng4 10. Nf3 Ne3 11. Qb3 Nxg2 12. Qxb6 axb6 13. Rf1 Na6 14. b4 Ne1
15. Nh4 c5 16. a3 cxb4 17. axb4 Nc2 18. Kxc2 Nxb4+ 19. Kb3 1-0

[Event "Deutsche Schachbundesliga 2010/11"]
[Site "Germany"]
[Date "2010.12.11"]
[Round "5"]
[White "Meissner, Bernd"]
[Black "Feller, Sebastien"]
[Result "0-1"]
[ECO "A81"]
[WhiteElo "2401"]
[BlackElo "2649"]
[PlyCount "122"]
[EventDate "2010.??.??"]
[WhiteTeam "München"]
[BlackTeam "Bremen"]
[TimeControl "40/6000+30:20/3000+30:900+30"]

1. d4 f5 2. g3 Nf6 3. Bg2 g6 4. Nh3 d6 5. c3 c6 6. Nf4 Bg7 7. Qb3 Na6 8. Nd2 d5
9. Nf3 Ne4 10. h4 Qb6 11. Qc2 e5 12. Nd3 exd4 13. cxd4 Be6 14. O-O O-O 15. Bf4
Rae8 16. e3 Nb8 17. Be5 Bh6 18. Bf4 Bg7 19. Be5 Nd7 20. Bxg7 Kxg7 21. b4 Nd6
22. a4 Nc4 23. Rfb1 Qc7 24. b5 Qd6 25. bxc6 Qxc6 26. Nd2 Na5 27. Qa2 b6 28. Nb4
Qd6 29. Bxd5 Nf6 30. Bxe6 Rxe6 31. Nf3 Ng4 32. Qd5 Qe7 33. Ng5 Rd6 34. Qg2 h6
35. Nf3 Rc8 36. Rc1 Rdd8 37. Nd3 Nb3 38. Rxc8 Rxc8 39. Rd1 Rc2 40. Qf1 Qe4 41.
Nfe5 Nxe3 42. fxe3 Qxe3+ 43. Nf2 Nxd4 44. Rxd4 Qxd4 45. Ned3 Qxa4 46. Qe1 Qd7
47. Qe5+ Kh7 48. Nf4 Rc1+ 49. Kh2 Rc2 50. Kg1 Rc1+ 51. Kh2 Qf7 52. Nd5 Rc6 53.
Nd3 g5 54. hxg5 hxg5 55. Kg1 Qe6 56. Qxe6 Rxe6 57. Nf2 a5 58. Kf1 a4 59. Nb4 a3
60. Nd1 b5 61. Na2 Rc6 0-1

[Event "Deutsche Schachbundesliga 2010/11"]
[Site "Germany"]
[Date "2010.12.11"]
[Round "5"]
[White "Reich, Thomas"]
[Black "Knaak, Rainer"]
[Result "1/2-1/2"]
[ECO "C01"]
[WhiteElo "2350"]
[BlackElo "2492"]
[PlyCount "46"]
[EventDate "2010.??.??"]
[WhiteTeam "München"]
[BlackTeam "Bremen"]
[TimeControl "40/6000+30:20/3000+30:900+30"]

1. d4 e6 2. e4 d5 3. exd5 exd5 4. c4 Nf6 5. Nc3 c6 6. Nf3 Bd6 7. c5 Be7 8. a3
Bf5 9. Bd3 Bg6 10. O-O Nbd7 11. Re1 O-O 12. h3 Re8 13. Bf4 Nf8 14. Bh2 N6d7 15.
b4 Bf6 16. Rxe8 Qxe8 17. Qd2 Bxd3 18. Qxd3 Ne6 19. Re1 g6 20. Bd6 Be7 21. Bg3
Bf6 22. Bd6 Be7 23. Bg3 Bf6 1/2-1/2

[Event "Deutsche Schachbundesliga 2010/11"]
[Site "Germany"]
[Date "2010.12.11"]
[Round "5"]
[White "Renner, Christoph"]
[Black "Nyback, Tomi"]
[Result "0-1"]
[ECO "D05"]
[WhiteElo "2420"]
[BlackElo "2635"]
[PlyCount "74"]
[EventDate "2010.??.??"]
[WhiteTeam "München"]
[BlackTeam "Bremen"]
[TimeControl "40/6000+30:20/3000+30:900+30"]

1. d4 Nf6 2. Nf3 e6 3. e3 b6 4. Bd3 Bb7 5. O-O d5 6. b3 Be7 7. Bb2 Nbd7 8. Nbd2
O-O 9. c4 Ne4 10. Qe2 f5 11. cxd5 exd5 12. Ba6 Qc8 13. Bxb7 Qxb7 14. Rac1 c5
15. Rfd1 Rad8 16. Nf1 Bf6 17. Ng3 g6 18. dxc5 bxc5 19. Bxf6 Ndxf6 20. Ne5 Qb6
21. Qc2 Rfe8 22. Nd3 d4 23. Nxc5 Nxg3 24. hxg3 dxe3 25. fxe3 Rxe3 26. Qc4+ Kh8
27. b4 Ree8 28. Qc3 Kg8 29. Qc4+ Kg7 30. Qc3 Kh6 31. Kh1 Ng4 32. Rd4 Re3 33.
Qd2 Qf6 34. Nd7 Rxd7 35. Rxd7 Qg5 36. Kg1 Qh5 37. Rxh7+ Kxh7 0-1

[Event "Deutsche Schachbundesliga 2010/11"]
[Site "Germany"]
[Date "2010.12.11"]
[Round "5"]
[White "Roiz, Michael"]
[Black "Schenk, Andreas"]
[Result "1/2-1/2"]
[ECO "A28"]
[WhiteElo "2637"]
[BlackElo "2519"]
[PlyCount "83"]
[EventDate "2010.??.??"]
[WhiteTeam "Bremen"]
[BlackTeam "München"]
[TimeControl "40/6000+30:20/3000+30:900+30"]

1. c4 e5 2. Nc3 Nf6 3. Nf3 Nc6 4. a3 e4 5. Ng5 Qe7 6. d3 exd3 7. e4 g6 8. Bxd3
h6 9. Nf3 d6 10. O-O Bg7 11. h3 O-O 12. Be3 Ne5 13. Be2 Be6 14. b3 Bd7 15. Qc2
Rfe8 16. Rad1 a6 17. Rfe1 Kh7 18. b4 Rac8 19. Nd2 g5 20. Nf1 Kh8 21. Ng3 g4 22.
Qd2 Kh7 23. h4 Ng8 24. h5 Be6 25. Nd5 Qh4 26. Bf4 Nf6 27. Bxe5 dxe5 28. Ne3
Rcd8 29. Qc2 Nxh5 30. Ngf5 Bxf5 31. Nxf5 Qg5 32. g3 Bf6 33. c5 Ng7 34. Ne3 h5
35. c6 bxc6 36. Qxc6 Ne6 37. Kg2 Qg6 38. Nf5 Nd4 39. Nxd4 exd4 40. e5 Bxe5 41.
Bd3 f5 42. Qxa6 1/2-1/2

[Event "Deutsche Schachbundesliga 2010/11"]
[Site "Germany"]
[Date "2010.12.11"]
[Round "5"]
[White "Ernst, Sipke"]
[Black "Zumsande, Martin"]
[Result "0-1"]
[ECO "D13"]
[WhiteElo "2587"]
[BlackElo "2414"]
[PlyCount "90"]
[EventDate "2010.??.??"]
[WhiteTeam "SG Solingen"]
[BlackTeam "Emsdetten"]
[TimeControl "40/6000+30:20/3000+30:900+30"]

1. d4 d5 2. c4 c6 3. Nf3 Nf6 4. Nc3 a6 5. cxd5 cxd5 6. Bf4 Nc6 7. Rc1 Bf5 8.
Ne5 e6 9. Qb3 Be7 10. Nxc6 bxc6 11. e3 O-O 12. Be2 Nd7 13. O-O c5 14. Rfd1 Ra7
15. a3 c4 16. Qa2 Nf6 17. b3 cxb3 18. Qxb3 Qd7 19. Ra1 Rb7 20. Qa2 Ra8 21. Rdc1
h6 22. Bd1 Ne4 23. Na4 Qb5 24. g4 Bg6 25. Rab1 Qa5 26. Kg2 Rxb1 27. Rxb1 Bh4
28. f3 Nf2 29. Rb4 Nxd1 30. Qd2 Rc8 31. Qxd1 Be7 32. Nc5 Qxa3 33. Qa4 Qc3 34.
Qxa6 Qxb4 35. Qxc8+ Kh7 36. Qc7 Qd2+ 37. Kg3 Qe1+ 38. Kg2 Qe2+ 39. Kg3 Qe1+ 40.
Kg2 Bf6 41. Qa7 Qe2+ 42. Kg3 h5 43. g5 h4+ 44. Kxh4 Qf2+ 45. Bg3 Qxf3 0-1

[Event "Deutsche Schachbundesliga 2010/11"]
[Site "Germany"]
[Date "2010.12.11"]
[Round "5"]
[White "Fiebig, Thomas"]
[Black "Hoffmann, Michael"]
[Result "1/2-1/2"]
[ECO "B22"]
[WhiteElo "2453"]
[BlackElo "2510"]
[PlyCount "108"]
[EventDate "2010.??.??"]
[WhiteTeam "Emsdetten"]
[BlackTeam "SG Solingen"]
[TimeControl "40/6000+30:20/3000+30:900+30"]

1. e4 c5 2. c3 d5 3. exd5 Qxd5 4. d4 Nf6 5. Nf3 e6 6. Be3 cxd4 7. cxd4 Nc6 8.
Nc3 Qd6 9. a3 g6 10. Bc4 Bg7 11. O-O O-O 12. Qe2 Ne7 13. Bg5 Ned5 14. Rac1 Nxc3
15. Rxc3 b6 16. Rd1 Bb7 17. Rcc1 Rac8 18. Be3 Nd5 19. Ba6 Qb8 20. Bd2 Rxc1 21.
Rxc1 Rc8 22. Rxc8+ Qxc8 23. Bd3 Ne7 24. Bc3 Bxf3 25. Qxf3 Qd8 26. Qe3 Nc6 27.
Qe4 Nxd4 28. Bxd4 Bxd4 29. b3 Qf6 30. Qe2 Bc5 31. a4 Qa1+ 32. Qf1 Qd4 33. g3 e5
34. Qe2 f5 35. Bc4+ Kg7 36. Kg2 h5 37. Qf3 h4 38. gxh4 Qxh4 39. Qg3 Qe4+ 40.
Qf3 Qd4 41. Qb7+ Kf6 42. Qc6+ Kg5 43. Qf3 e4 44. Qg3+ Kf6 45. Qh4+ Kg7 46. Qf4
Bd6 47. Qh4 Qd2 48. Qd8 Qf4 49. Qg8+ Kf6 50. Qh8+ Ke7 51. Qg7+ Kd8 52. Qg8+ Ke7
53. Qf7+ Kd8 54. Qg8+ Ke7 1/2-1/2

[Event "Deutsche Schachbundesliga 2010/11"]
[Site "Germany"]
[Date "2010.12.11"]
[Round "5"]
[White "Janssen, Ruud"]
[Black "Ragger, Markus"]
[Result "1/2-1/2"]
[ECO "A34"]
[WhiteElo "2498"]
[BlackElo "2628"]
[PlyCount "119"]
[EventDate "2010.??.??"]
[WhiteTeam "Emsdetten"]
[BlackTeam "SG Solingen"]
[TimeControl "40/6000+30:20/3000+30:900+30"]

1. c4 Nf6 2. Nc3 e6 3. e4 c5 4. Nf3 Nc6 5. Be2 d5 6. exd5 exd5 7. d4 Be6 8.
cxd5 Nxd5 9. O-O Nxc3 10. bxc3 Be7 11. Rb1 cxd4 12. Nxd4 Nxd4 13. cxd4 Bd5 14.
Bb5+ Kf8 15. Re1 a6 16. Ba4 b5 17. Bb3 Bf6 18. Qh5 Bxb3 19. Rxb3 h6 20. Ba3+
Kg8 21. Bc5 g6 22. Qf3 Kg7 23. Rbe3 Rc8 24. Re4 Qd5 25. h3 Rhd8 26. a3 Rd7 27.
h4 h5 28. R1e3 Rdd8 29. Rf4 Rc6 30. Be7 Bxe7 31. Rxe7 Qxf3 32. Rexf7+ Kh6 33.
Rxf3 Rxd4 34. g3 Rd8 35. Re3 Rb6 36. Ree7 Rh8 37. Kg2 a5 38. Rb7 Rxb7 39. Rxb7
b4 40. axb4 axb4 41. Rxb4 Kg7 42. Rb7+ Kf6 43. Rb6+ Kg7 44. Rb7+ Kf6 45. Kf3
Ra8 46. Rb6+ Kg7 47. Re6 Ra3+ 48. Kf4 Ra4+ 49. Re4 Ra7 50. f3 Rf7+ 51. Ke3 Ra7
52. Re5 Kf6 53. Rd5 Ra3+ 54. Ke4 Ra4+ 55. Rd4 Ra6 56. Kf4 Rb6 57. g4 hxg4 58.
fxg4 g5+ 59. hxg5+ Kg6 60. Ke4 1/2-1/2

[Event "Deutsche Schachbundesliga 2010/11"]
[Site "Germany"]
[Date "2010.12.11"]
[Round "5"]
[White "Mchedlishvili, Mikheil"]
[Black "Werle, Jan"]
[Result "1/2-1/2"]
[ECO "E12"]
[WhiteElo "2628"]
[BlackElo "2574"]
[PlyCount "43"]
[EventDate "2010.??.??"]
[WhiteTeam "Emsdetten"]
[BlackTeam "SG Solingen"]
[TimeControl "40/6000+30:20/3000+30:900+30"]

1. Nf3 Nf6 2. c4 b6 3. d4 e6 4. a3 Bb7 5. Nc3 d5 6. cxd5 Nxd5 7. Qa4+ Nd7 8.
Nxd5 Bxd5 9. Qc2 Be7 10. e4 Bb7 11. Bb5 O-O 12. Bc6 Nc5 13. Bxb7 Nxb7 14. O-O
c5 15. Rd1 Qc7 16. dxc5 Rac8 17. Be3 Bxc5 18. Rac1 Qb8 19. Qe2 Bxe3 20. Qxe3
Rxc1 21. Rxc1 Rc8 22. h3 1/2-1/2

[Event "Deutsche Schachbundesliga 2010/11"]
[Site "Germany"]
[Date "2010.12.11"]
[Round "5"]
[White "Richter, Christian"]
[Black "Naumann, Alexander"]
[Result "0-1"]
[ECO "D39"]
[WhiteElo "2392"]
[BlackElo "2544"]
[PlyCount "68"]
[EventDate "2010.??.??"]
[WhiteTeam "Emsdetten"]
[BlackTeam "SG Solingen"]
[TimeControl "40/6000+30:20/3000+30:900+30"]

1. d4 Nf6 2. c4 e6 3. Nf3 d5 4. Nc3 dxc4 5. e4 Bb4 6. Bg5 c5 7. e5 cxd4 8. Qa4+
Nc6 9. O-O-O Bd7 10. Ne4 Be7 11. exf6 gxf6 12. Bh4 Rc8 13. Kb1 Na5 14. Qc2 e5
15. Nxd4 exd4 16. Rxd4 Nc6 17. Rxd7 Qxd7 18. Nxf6+ Bxf6 19. Bxf6 O-O 20. g4 Qe6
21. Bc3 b5 22. Bg2 Rfe8 23. a3 Rcd8 24. Qf5 Nd4 25. Qc5 Ne2 26. Ba5 Qg6+ 27.
Ka1 Nd4 28. Ka2 Nb3 29. Qxa7 Nxa5 30. Qxa5 Qf6 31. Re1 Rxe1 32. Qxe1 Qf4 33.
Bc6 Rd2 34. Qc1 Qd4 0-1

[Event "Deutsche Schachbundesliga 2010/11"]
[Site "Germany"]
[Date "2010.12.11"]
[Round "5"]
[White "Smeets, Jan"]
[Black "Giri, Anish"]
[Result "0-1"]
[ECO "B92"]
[WhiteElo "2669"]
[BlackElo "2677"]
[PlyCount "72"]
[EventDate "2010.??.??"]
[WhiteTeam "SG Solingen"]
[BlackTeam "Emsdetten"]
[TimeControl "40/6000+30:20/3000+30:900+30"]

1. e4 c5 2. Nf3 d6 3. d4 cxd4 4. Nxd4 Nf6 5. Nc3 a6 6. Be2 e5 7. Nb3 Be7 8. O-O
O-O 9. Be3 Be6 10. Qd2 Nbd7 11. a4 Nb6 12. a5 Nc4 13. Bxc4 Bxc4 14. Rfd1 Rc8
15. Nc1 d5 16. Bb6 Qe8 17. Nxd5 Nxe4 18. Qe1 f5 19. Nxe7+ Qxe7 20. b3 Bf7 21.
c4 Rfe8 22. Nd3 Bh5 23. f3 Ng5 24. Qf1 e4 25. Ne1 Rc6 26. Rd2 Rg6 27. fxe4 fxe4
28. Qf5 Rf8 29. Qd5+ Kh8 30. h4 Nh3+ 31. Kh2 Qxh4 32. Qd8 Qg3+ 33. Kh1 Rgf6 34.
Nc2 h6 35. Bc7 Nf2+ 36. Kg1 Qh4 0-1

[Event "Deutsche Schachbundesliga 2010/11"]
[Site "Germany"]
[Date "2010.12.11"]
[Round "5"]
[White "Bischoff, Klaus"]
[Black "Grabarczyk, Miroslaw"]
[Result "1/2-1/2"]
[ECO "D35"]
[WhiteElo "2553"]
[BlackElo "2475"]
[PlyCount "47"]
[EventDate "2010.??.??"]
[WhiteTeam "Katernberg"]
[BlackTeam "Griesheim"]
[TimeControl "40/6000+30:20/3000+30:900+30"]

1. c4 e6 2. Nc3 d5 3. d4 Nf6 4. cxd5 exd5 5. Bg5 c6 6. e3 Bf5 7. Qf3 Bg6 8.
Bxf6 Qxf6 9. Qxf6 gxf6 10. Nf3 Nd7 11. Nh4 Be7 12. g3 f5 13. Ng2 Nf6 14. f3 Nh5
15. Kf2 Ng7 16. Bd3 Ne6 17. Ne2 Kf8 18. Ngf4 Kg7 19. Rad1 h5 20. h4 Bd6 21. Bb1
Rae8 22. Nd3 a5 23. Rc1 Re7 24. Rhe1 1/2-1/2

[Event "Deutsche Schachbundesliga 2010/11"]
[Site "Germany"]
[Date "2010.12.11"]
[Round "5"]
[White "Chernyavskyy, Anton"]
[Black "Siebrecht, Sebastian"]
[Result "0-1"]
[ECO "A08"]
[WhiteElo "2213"]
[BlackElo "2421"]
[PlyCount "110"]
[EventDate "2010.??.??"]
[WhiteTeam "Griesheim"]
[BlackTeam "Katernberg"]
[TimeControl "40/6000+30:20/3000+30:900+30"]

1. e4 c5 2. Nf3 e6 3. d3 Nc6 4. g3 Nge7 5. Bg2 d5 6. Nbd2 g6 7. O-O Bg7 8. Re1
O-O 9. c3 b6 10. Nf1 h6 11. h4 e5 12. Ne3 d4 13. Nd5 dxc3 14. bxc3 Be6 15. c4
Qd7 16. Rb1 Kh7 17. Qd2 Rae8 18. h5 g5 19. Bb2 Bg4 20. Bc3 Bxh5 21. Qb2 Nd4 22.
Bxd4 exd4 23. a4 Nc6 24. Qb5 Qd6 25. Qb3 Bg4 26. Nh2 Be6 27. Rf1 f5 28. Rbe1 f4
29. g4 f3 30. Nxf3 Bxg4 31. Nh2 Bd7 32. Qd1 Ne5 33. f4 gxf4 34. Nxf4 Nxc4 35.
dxc4 Rxf4 36. Rxf4 Qxf4 37. Rf1 Qg5 38. Nf3 Qe3+ 39. Kh1 Bg4 40. Re1 Qf4 41.
Rf1 Kh8 42. a5 bxa5 43. Qa4 Qf7 44. Kg1 Qd7 45. Qxa5 d3 46. Qd2 Rxe4 47. Nh4
Qd4+ 48. Kh1 Be2 49. Ng6+ Kg8 50. Rf4 Qe3 51. Bxe4 Qh3+ 52. Kg1 Bd4+ 53. Rf2
Qg3+ 54. Kh1 Bxf2 55. Ne7+ Kf7 0-1

[Event "Deutsche Schachbundesliga 2010/11"]
[Site "Germany"]
[Date "2010.12.11"]
[Round "5"]
[White "Glek, Igor"]
[Black "Geske, Julian"]
[Result "1/2-1/2"]
[ECO "B01"]
[WhiteElo "2467"]
[BlackElo "2364"]
[PlyCount "77"]
[EventDate "2010.??.??"]
[WhiteTeam "Katernberg"]
[BlackTeam "Griesheim"]
[TimeControl "40/6000+30:20/3000+30:900+30"]

1. e4 d5 2. exd5 Qxd5 3. Nc3 Qa5 4. d4 Nf6 5. Nf3 Bg4 6. h3 Bh5 7. g4 Bg6 8.
Ne5 Nbd7 9. Nc4 Qa6 10. Qf3 Qe6+ 11. Ne3 O-O-O 12. Bg2 Qa6 13. b4 c6 14. Rb1 e5
15. b5 cxb5 16. Nxb5 Be4 17. Qg3 Bxg2 18. Nxg2 Qa5+ 19. Bd2 Qxd2+ 20. Kxd2 Ne4+
21. Ke3 Nxg3 22. Nxa7+ Kc7 23. Nb5+ Kb8 24. fxg3 exd4+ 25. Kd2 Ne5 26. Nf4 Bd6
27. Rb3 Rhe8 28. Kc1 Nc6 29. Rf1 f6 30. h4 Bxf4+ 31. Rxf4 Rd5 32. a4 Re1+ 33.
Kd2 Ra1 34. Ra3 Rg1 35. Rb3 Rg2+ 36. Kd1 Rg1+ 37. Kd2 Rg2+ 38. Kd1 Rg1+ 39. Kd2
1/2-1/2

[Event "Deutsche Schachbundesliga 2010/11"]
[Site "Germany"]
[Date "2010.12.11"]
[Round "5"]
[White "Grabarczyk, Bogdan"]
[Black "Firman, Nazar"]
[Result "0-1"]
[ECO "C02"]
[WhiteElo "2448"]
[BlackElo "2551"]
[PlyCount "80"]
[EventDate "2010.??.??"]
[WhiteTeam "Griesheim"]
[BlackTeam "Katernberg"]
[TimeControl "40/6000+30:20/3000+30:900+30"]

1. e4 e6 2. d4 d5 3. e5 b6 4. c3 Qd7 5. Bd3 a5 6. Ne2 Ba6 7. Bc2 c5 8. O-O Nc6
9. Re1 Nge7 10. dxc5 bxc5 11. Nf4 g6 12. Nd3 Bxd3 13. Qxd3 Bg7 14. Bf4 Qb7 15.
b3 a4 16. Nd2 axb3 17. axb3 Rxa1 18. Rxa1 Nxe5 19. Bxe5 Bxe5 20. Qe3 Bf6 21.
Qxc5 O-O 22. Ra7 Qb8 23. Rc7 Be5 24. Rd7 Nc8 25. Qc6 Bxh2+ 26. Kh1 Be5 27. c4
Bc3 28. Nf3 dxc4 29. bxc4 Qb2 30. Qe4 Bb4 31. Qe2 Nd6 32. g3 Ra8 33. Kg2 Ra2
34. Ng5 Qxc2 35. Rd8+ Kg7 36. Qe5+ Kh6 37. Qf4 Qxf2+ 38. Qxf2 Rxf2+ 39. Kxf2
Kxg5 40. Ke2 f5 0-1

[Event "Deutsche Schachbundesliga 2010/11"]
[Site "Germany"]
[Date "2010.12.11"]
[Round "5"]
[White "Murdzia, Piotr"]
[Black "Chuchelov, Vladimir"]
[Result "1/2-1/2"]
[ECO "E13"]
[WhiteElo "2477"]
[BlackElo "2565"]
[PlyCount "93"]
[EventDate "2010.??.??"]
[WhiteTeam "Griesheim"]
[BlackTeam "Katernberg"]
[TimeControl "40/6000+30:20/3000+30:900+30"]

1. d4 Nf6 2. c4 e6 3. Nf3 b6 4. Nc3 Bb4 5. Bg5 Bb7 6. Nd2 h6 7. Bh4 c5 8. d5
Bxc3 9. bxc3 d6 10. e4 Nbd7 11. Be2 Qe7 12. f3 O-O-O 13. O-O g5 14. Bf2 Nh5 15.
Re1 Nf4 16. Bf1 Qf6 17. Re3 h5 18. Rb1 Kc7 19. Rb2 Rdg8 20. g3 h4 21. g4 Ra8
22. Nb1 Rhb8 23. Na3 a6 24. Nc2 Ne5 25. Nd4 cxd4 26. cxd4 Nd7 27. e5 Qg6 28.
exd6+ Kd8 29. dxe6 fxe6 30. a4 Bc6 31. d5 exd5 32. cxd5 Bxd5 33. Re7 Qxd6 34.
Rg7 Kc7 35. Rc2+ Bc6 36. Rd2 Qe6 37. Bc4 Nh3+ 38. Kg2 Nxf2 39. Kxf2 Qe8 40. Bd5
Bxd5 41. Qc2+ Bc6 42. Rdxd7+ Qxd7 43. Rxd7+ Kxd7 44. Qf5+ Kd6 45. Qf6+ Kc7 46.
Qe5+ Kd7 47. Kg1 1/2-1/2

[Event "Deutsche Schachbundesliga 2010/11"]
[Site "Germany"]
[Date "2010.12.11"]
[Round "5"]
[White "Ris, Robert"]
[Black "Nothnagel, Markus"]
[Result "1-0"]
[ECO "A90"]
[WhiteElo "2416"]
[BlackElo "2249"]
[PlyCount "61"]
[EventDate "2010.??.??"]
[WhiteTeam "Katernberg"]
[BlackTeam "Griesheim"]
[TimeControl "40/6000+30:20/3000+30:900+30"]

1. d4 d5 2. c4 e6 3. Nf3 c6 4. g3 f5 5. Bg2 Nf6 6. O-O Bd6 7. Nc3 O-O 8. Qc2
Qe7 9. Rb1 Ne4 10. b4 b5 11. cxb5 Nxc3 12. Qxc3 cxb5 13. Bf4 Bd7 14. Bxd6 Qxd6
15. Rfc1 Na6 16. Ne5 Rfc8 17. Qd2 Rxc1+ 18. Rxc1 Rc8 19. a3 Rc7 20. Bf1 Be8 21.
f3 Rxc1 22. Qxc1 Qc7 23. Qd2 Nb8 24. Nd3 Nd7 25. Nc5 Kf7 26. Qg5 g6 27. Qh6 Nf6
28. Qg7+ Kxg7 29. Nxe6+ Kf7 30. Nxc7 Ke7 31. e3 1-0

[Event "Deutsche Schachbundesliga 2010/11"]
[Site "Germany"]
[Date "2010.12.11"]
[Round "5"]
[White "Volokitin, Andrei"]
[Black "Berczes, David"]
[Result "1-0"]
[ECO "B12"]
[WhiteElo "2661"]
[BlackElo "2520"]
[PlyCount "119"]
[EventDate "2010.??.??"]
[WhiteTeam "Katernberg"]
[BlackTeam "Griesheim"]
[TimeControl "40/6000+30:20/3000+30:900+30"]

1. e4 c6 2. d4 d5 3. e5 c5 4. Nf3 Bg4 5. dxc5 Nc6 6. Be3 e6 7. c3 Nge7 8. Nbd2
Ng6 9. Qa4 Bxf3 10. Nxf3 Qc7 11. Bb5 Be7 12. O-O O-O 13. Bxc6 bxc6 14. Bd4 a5
15. Rfb1 Rfb8 16. Qc2 Qa7 17. b4 axb4 18. cxb4 Qa4 19. Qxa4 Rxa4 20. a3 f6 21.
Re1 Kf7 22. Bc3 Rba8 23. exf6 Bxf6 24. Bxf6 gxf6 25. Nd4 Ne5 26. f4 Nd3 27.
Red1 Nxb4 28. Rab1 Na6 29. Rb7+ Kg8 30. Nxe6 Rc4 31. Rd3 Rc1+ 32. Kf2 Rc2+ 33.
Kf1 Re8 34. f5 Nxc5 35. Rg3+ Kh8 36. Nxc5 Rc1+ 37. Kf2 Rc2+ 38. Kf3 Rc3+ 39.
Kg4 Rxc5 40. Kh5 Rg8 41. Re3 Rc4 42. g3 Re4 43. Kh6 Rg5 44. Rc3 Re2 45. h4 Rg4
46. Rxc6 Re8 47. Rxf6 Rxg3 48. Rxh7+ Kg8 49. Rg6+ Rxg6+ 50. fxg6 Rd8 51. Rg7+
Kh8 52. Rf7 d4 53. Rf2 d3 54. Rd2 Kg8 55. h5 Rd4 56. a4 Rxa4 57. Rxd3 Ra8 58.
Rd5 Rb8 59. Kg5 Ra8 60. h6 1-0

[Event "Deutsche Schachbundesliga 2010/11"]
[Site "Germany"]
[Date "2010.12.11"]
[Round "5"]
[White "Walter, Stefan"]
[Black "Zaragatski, Ilja"]
[Result "1/2-1/2"]
[ECO "A57"]
[WhiteElo "2321"]
[BlackElo "2490"]
[PlyCount "91"]
[EventDate "2010.??.??"]
[WhiteTeam "Griesheim"]
[BlackTeam "Katernberg"]
[TimeControl "40/6000+30:20/3000+30:900+30"]

1. d4 Nf6 2. c4 c5 3. d5 b5 4. cxb5 a6 5. b6 d6 6. Nc3 Qxb6 7. Nf3 g6 8. e4 Bg4
9. Be2 Bxf3 10. Bxf3 Nbd7 11. O-O Bg7 12. Qc2 O-O 13. Bd2 Rfb8 14. Na4 Qd8 15.
Be2 Ne8 16. Rab1 a5 17. Rfc1 Nc7 18. Nc3 Nb6 19. Qd1 Bd4 20. Qf1 e6 21. dxe6
fxe6 22. Kh1 Qf6 23. f4 d5 24. b3 a4 25. Bf3 axb3 26. axb3 Qf8 27. g3 Bg7 28.
exd5 exd5 29. Qg2 Rd8 30. Be1 Rac8 31. Bf2 d4 32. Ne4 Ncd5 33. Bg4 Rc7 34. Ng5
Nc3 35. Ne6 Qd6 36. Nxc7 Qxc7 37. Rb2 Re8 38. Bf3 Kh8 39. Bc6 Rd8 40. Rd2 Rc8
41. Bf3 Qf7 42. b4 Nc4 43. Rd3 Nb2 44. Rd2 Nc4 45. Rd3 Nb2 46. Rd2 1/2-1/2

[Event "Deutsche Schachbundesliga 2010/11"]
[Site "Germany"]
[Date "2010.12.11"]
[Round "5"]
[White "Agopov, Mikael"]
[Black "Braun, Arik"]
[Result "0-1"]
[ECO "B12"]
[WhiteElo "2419"]
[BlackElo "2538"]
[PlyCount "69"]
[EventDate "2010.??.??"]
[WhiteTeam "SF Berlin"]
[BlackTeam "SC Eppingen"]
[TimeControl "40/6000+30:20/3000+30:900+30"]

1. e4 c6 2. d4 d5 3. e5 Bf5 4. Nd2 e6 5. Nb3 Nd7 6. Nf3 Ne7 7. Be2 h6 8. O-O
Qc7 9. Bd2 Nc8 10. Rc1 Ncb6 11. Ba5 Be7 12. Nfd2 Qb8 13. c4 dxc4 14. Nxc4 Nxc4
15. Rxc4 O-O 16. Qc1 Nb6 17. Rc3 Nd5 18. Rc4 f6 19. f4 fxe5 20. dxe5 g5 21. Bd2
gxf4 22. Bxf4 Nxf4 23. Qxf4 Kh7 24. Nd4 Bg6 25. Qg3 Rxf1+ 26. Bxf1 Qg8 27. Bd3
Rd8 28. Kf1 b5 29. Bxg6+ Qxg6 30. Qxg6+ Kxg6 31. Rxc6 Rxd4 32. Rxe6+ Kf7 33.
Rxh6 Rd2 34. Ra6 Bc5 35. Ke1 0-1

[Event "Deutsche Schachbundesliga 2010/11"]
[Site "Germany"]
[Date "2010.12.11"]
[Round "5"]
[White "Balogh, Csaba"]
[Black "Kraemer, Martin"]
[Result "1/2-1/2"]
[ECO "B96"]
[WhiteElo "2608"]
[BlackElo "2516"]
[PlyCount "76"]
[EventDate "2010.??.??"]
[WhiteTeam "SC Eppingen"]
[BlackTeam "SF Berlin"]
[TimeControl "40/6000+30:20/3000+30:900+30"]

1. e4 c5 2. Nf3 d6 3. d4 cxd4 4. Nxd4 Nf6 5. Nc3 a6 6. Bg5 Nbd7 7. Qe2 e6 8. f4
Qc7 9. O-O-O b5 10. a3 Be7 11. g4 Bb7 12. Bxf6 Bxf6 13. g5 Bxd4 14. Rxd4 e5 15.
Rd1 exf4 16. Qd2 O-O 17. Qxf4 Ne5 18. h4 d5 19. Kb1 dxe4 20. Nd5 Bxd5 21. Rxd5
Rae8 22. Bg2 e3 23. Re1 Rc8 24. c3 Nc4 25. Qxc7 Rxc7 26. Rd4 f5 27. Bd5+ Kh8
28. Bxc4 Rxc4 29. Rxe3 Kg8 30. Kc2 Rxd4 31. cxd4 Kf7 32. d5 Rd8 33. Re5 g6 34.
Re6 a5 35. Rf6+ Ke7 36. Re6+ Kf7 37. Rf6+ Ke7 38. Re6+ Kf7 1/2-1/2